 Dungeon Crawl Stone Soup version 0.30-a0-553-g7fabdf1491 (webtiles) character file.

Game seed: 16313077369114120194

49 Newt the Sneak (level 3, -3/27 HPs)
             Began as a Demonspawn Gladiator on Dec 26, 2022.
             Was an Initiate of Gozag.
             Killed from afar by an orc wizard (10 damage)
             ... with a magic dart
             ... on level 3 of the Dungeon.
             The game lasted 00:02:55 (2402 turns).

Newt the Sneak (Demonspawn Gladiator)               Turns: 2402, Time: 00:02:56

Health: -3/27      AC:  6    Str: 16    XL:     3   Next: 51%
Magic:  3/3        EV: 12    Int:  9    God:    Gozag
Gold:   57         SH:  0    Dex: 14    Spells: 2/2 levels left

rFire   . . .      SeeInvis .    (no weapon)
rCold   . . .      Faith    .    (no shield)
rNeg    . . .      Spirit   .    b - +0 leather armour
rPois   .          Reflect  .    c - +1 helmet
rElec   .          Harm     .    (no cloak)
rCorr   .          Rampage  .    (no gloves)
Will    .....                    (no boots)
Stlth   ++                       (no amulet)
HPRegen 0.24/turn                (no ring)
MPRegen 0.08/turn                (no ring)

@: gold aura
A: claws 1, rugged brown scales 1
a: Renounce Religion, Potion Petition, Call Merchant, Bribe Branch


You were on level 3 of the Dungeon.
You worshipped Gozag.
Gozag was noncommittal.
You visited 1 branch of the dungeon, and saw 3 of its levels.

You collected 74 gold pieces.
You paid 17 gold pieces to Gozag.

Inventory:

Hand Weapons
 a - a +0 rapier
Missiles
 d - 3 throwing nets (quivered)
 e - a javelin
 q - 6 boomerangs
Armour
 b - a +0 leather armour (worn)
 c - a +1 helmet (worn)
Jewellery
 j - a ring of willpower
 o - a ring of magical power
Scrolls
 f - a scroll of immolation
 n - a scroll of enchant armour
Potions
 h - 2 potions of curing {unknown}
 l - 2 potions of brilliance {unknown}
 m - a potion of haste
 r - a potion of might {unknown}


   Skills:
 - Level 2.0 Fighting
 - Level 2.6 Short Blades
 - Level 1.7 Throwing
 - Level 2.6 Dodging
 - Level 3.0 Stealth
 + Level 0.9 Unarmed Combat


You had 2 spell levels left.
You didn't know any spells.
Your spell library contained the following spells:

 Spells                   Type           Power      Damage    Failure   Level
 Magic Dart               Conj           0%         1d3       45%         1
 Cigotuvi's Dreadful Rot  Necr/Pois/Air  0%         N/A       58%         2
 Searing Ray              Conj           0%         2d4       58%         2
 Dispel Undead            Necr           0%         3d6       99%         4
 Fulminant Prism          Conj/Hex       0%         3d5       99%         4
 Death Channel            Necr           0%         N/A       100%        6


Dungeon Overview and Level Annotations

Branches:
Dungeon (3/15)

Altars:
Gozag
Xom


Innate Abilities, Weirdness & Mutations

You have sharp fingernails.
You are partially covered in rugged brown scales. (AC +1, +3% HP)


Message History

Something hits you.
You scratch the orc.
The orc is moderately wounded.
The orc hits you with a +0 war axe. Something hits you but does no damage.
You scratch the orc but do no damage.
The orc is moderately wounded.
You hear some strange, mumbled words.
A magic dart appears from out of thin air!
The magic dart hits you.
* * * LOW HITPOINT WARNING * * *
The orc barely misses you.
You barely miss the orc.
The orc is moderately wounded.
The orc closely misses you. Something barely misses you.
You barely miss the orc.
The orc is moderately wounded.
Something hits you but does no damage. The orc misses you.
You scratch the orc.
You kill the orc!
Something hits you but does no damage.
You scratch something. Something hits you.
* * * LOW HITPOINT WARNING * * *
You miss something. Something hits you but does no damage.
You scratch something. You miss something.
You hear a shout!
Your claw misses something. Something hits you.
* * * LOW HITPOINT WARNING * * *
You scratch something. Something hits you but does no damage.
You closely miss something. Something hits you but does no damage.
You completely miss something. Something hits you.
* * * LOW HITPOINT WARNING * * *
You scratch something but do no damage. Something hits you but does no damage.
You scratch something. Something hits you but does no damage.
You scratch something.
You hear some strange, mumbled words.
A magic dart appears from out of thin air!
The magic dart hits you!
You die...
Your body crumbles into a pile of gold.

#.# #.# #.#
#.# #.#
###.# #...#
###.###
#..{@#
#.##$#
###.##.#
#...##.#
####.####.#
#....#
#.###
#..####
#...#
#...##
#.### #..>.
#.#


There were no monsters in sight!

Vanquished Creatures
  2 adders
  A worm (D:2)
  A dart slug (D:2)
  2 orcs
  4 ball pythons
  An endoplasm (D:2)
  A giant cockroach (D:1)
  3 goblins
  2 hobgoblins (D:1)
  2 bats
  A frilled lizard (D:1)
  4 kobolds
  A rat (D:2)
25 creatures vanquished.

Notes
Turn   | Place    | Note
-------+----------+-------------------------------------------
     0 | D:1      | Newt the Demonspawn Gladiator began the quest for the Orb.
     0 | D:1      | Reached XP level 1. HP: 16/16 MP: 1/1
    34 | D:1      | Found a faded altar of an unknown god.
   166 | D:1      | Reached skill level 1 in Stealth
   419 | D:1      | Gained mutation: You are partially covered in rugged brown
                  | scales. (AC +1, +3% HP) [demonic ancestry]
   419 | D:1      | Reached XP level 2. HP: 16/22 MP: 2/2
   618 | D:1      | Found a shimmering altar of Xom.
   687 | D:1      | Reached skill level 2 in Stealth
  1200 | D:2      | Gained mutation: You have sharp fingernails. [demonic
                  | ancestry]
  1200 | D:2      | Reached XP level 3. HP: 23/27 MP: 3/3
  1498 | D:2      | Found an opulent altar of Gozag.
  1757 | D:2      | Became a worshipper of Gozag Ym Sagoz the Greedy
  1955 | D:2      | Reached skill level 3 in Stealth
  2402 | D:3      | Killed from afar by an orc wizard

Illustrated notes

Levels and vault maps discovered:
D:1:      dpeg_arrival_water_altar, layout_loops_ring,
          ebering_ecumenical_altar_box
D:2:      layout_basic, basic_altar
D:3:      minmay_angry_zag, layout_basic, mainiacjoe_overflow_catwalk

Skill      XL: |  1  2  3 |
---------------+----------+-----
Stealth        | 1 2 3 |  3.0
Fighting       | |  2.0
Short Blades   | |  2.6
Throwing       | |  1.7
Dodging        | |  2.6
Unarmed Combat | |  0.9

Action                   || total
-------------------------++-------
Melee: Rapier            ||    81
       Punch             ||     1
       Unarmed           ||    54
Throw: Throwing net      ||     3
       Javelin           ||     1
  Use: Scroll            ||     6
 Stab: Held in net/web   ||     4
       Sleeping          ||     2
Armor: Leather armour    ||    40
Dodge: Dodged            ||    66

Table legend: (Time is in decaauts)
 A = Elapsed time spent in this place.
 B = Non-inter-level travel time spent in this place.
 C = Inter-level travel time spent in this place.
 D = Time resting spent in this place.
 E = Time spent auto-exploring this place.
 F = Levels seen in this place.
 G = Mean time per level.
                   A        B        C        D        E       F      G
               +--------+--------+--------+--------+--------+-----+--------+
         Total |   2414 |   2213 |    201 |    798 |   1109 |   3 |  804.7 |
       Dungeon |   2414 |   2213 |    201 |    798 |   1109 |   3 |  804.7 |
               +--------+--------+--------+--------+--------+-----+--------+

Top non-repeatable levels by time:
     D:2: 1279 daAuts
     D:1: 1020 daAuts
     D:3: 115 daAuts
